 Dungeon Crawl Stone Soup version 0.20-a0-548-g4f8a798 (webtiles) character file.

136 Alarkh the Chopper (level 4, 0/52 HPs)
             Began as a Demonspawn Monk on Feb 1, 2017.
             Slain by a gnoll
             ... wielding a +0 spear
              (3 damage)
             ... on level 3 of the Dungeon.
             The game lasted 00:02:23 (2618 turns).

Alarkh the Chopper (Demonspawn Monk)                Turns: 2618, Time: 00:02:24

Health: 0/52       AC:  2    Str: 16    XL:     4   Next: 98%
Magic:  4/4        EV: 13    Int: 12    God:
Gold:   63         SH:  0    Dex: 16    Spells: 3/3 levels left

rFire    . . .     SeeInvis .   a - +0 hand axe
rCold    . . .     Gourm    .   b - +0 robe
rNeg     . . .     Faith    .   (no shield)
rPois    .         Spirit   .   (helmet restricted)
rElec    .         Reflect  .   (no cloak)
rCorr    .         Harm     .   (no gloves)
MR       .....                  (no boots)
Stlth    ..........             (no amulet)
Regen    0.2/turn               (no ring)
                                (no ring)

@: berserking (expiring), very quick
A: antennae 1, sturdy frame 1
a: no special abilities


You were on level 3 of the Dungeon.
You were not hungry.

You visited 1 branch of the dungeon, and saw 3 of its levels.

You collected 63 gold pieces.

Inventory:

Hand Weapons
 a - a +0 hand axe (weapon)
Armour
 b - a +0 robe (worn)
Jewellery
 o - an uncursed ring of positive energy {unknown}
Scrolls
 d - a scroll of random uselessness {unknown}
 e - a scroll of remove curse {unknown}
 f - 2 scrolls of identify {unknown}
 g - a scroll of enchant armour {unknown}
 l - a scroll of fear {unknown}
 m - a scroll of teleportation {unknown}
 n - a scroll of amnesia {unknown}
 r - a scroll of recharging {unknown}
Potions
 h - a potion of lignification
 i - 2 potions of flight
Comestibles
 c - a bread ration
 j - 5 fruits
 p - a royal jelly
 q - 3 chunks of flesh


   Skills:
 - Level 3.0 Fighting
 + Level 5.2 Axes
 - Level 2.6 Dodging
 - Level 1.7 Stealth


You had 3 spell levels left.
You didn't know any spells.

Dungeon Overview and Level Annotations

Branches:
Dungeon (3/15)

Altars:
Dithmenos

Annotations:
D:1 1 exclusion


Innate Abilities, Weirdness & Mutations

You have a pair of small antennae on your head.
Your movements are slightly less encumbered by armour. (ER -2)


Message History

You completely miss the gnoll. The gnoll hits you with a spear.
The gnoll misses you.
You barely miss the gnoll.
The gnoll is severely wounded.
You closely miss the gnoll. The gnoll hits you with a spear!
* * * LOW HITPOINT WARNING * * *
The gnoll completely misses you.
You hit the gnoll.
You kill the gnoll!
You closely miss the gnoll. The gnoll hits you but does no damage.
You hit the gnoll.
The gnoll is heavily wounded.
You barely miss the gnoll. The gnoll hits you.
* * * LOW HITPOINT WARNING * * *
You slash the gnoll!
You kill the gnoll!
You hit the gnoll. The gnoll hits you with a spear.
* * * LOW HITPOINT WARNING * * *
The gnoll hits you with a spear.
You die...

## #.#####.#.#####.#
..###......#.# #
##.#.#######.# .#
....########.# .#
.###.........#####.##
#.####...........##
#.# #.######.....#
#.# #.# ####)###.#
#.# #.# #..g@# #.#
#.# #.##.# #.# #.# #
#.. ..# #.# ###. #.#
.. .# .# #


You could see a gnoll.

Vanquished Creatures
  3 gnolls (D:3)
  4 adders
  An adder skeleton (D:3)
  3 dart slugs
  2 leopard geckos
  2 orcs (D:3)
  6 bats
  2 giant cockroaches
  6 goblins
  9 hobgoblins
  4 jackals (D:2)
  3 kobolds
  2 quokkas (D:2)
  A ball python (D:1)
  2 frilled lizards
  10 rats
60 creatures vanquished.

Notes
Turn   | Place    | Note
-------+----------+-------------------------------------------
     0 | D:1      | Alarkh the Demonspawn Monk began the quest for the Orb.
     0 | D:1      | Reached XP level 1. HP: 18/18 MP: 1/1
    39 | D:1      | Reached skill level 3 in Axes
   251 | D:1      | Gained mutation: Your movements are slightly less encumbered by armour. (ER -2) [demonic ancestry]
   251 | D:1      | Reached XP level 2. HP: 17/24 MP: 2/2
   858 | D:2      | Reached XP level 3. HP: 29/29 MP: 3/3
   905 | D:2      | Found a shadowy altar of Dithmenos.
   950 | D:2      | Reached skill level 4 in Axes
  1535 | D:2      | Gained mutation: You have a pair of small antennae on your head. [demonic ancestry]
  1535 | D:2      | Reached XP level 4. HP: 23/35 MP: 4/4
  2611 | D:3      | Reached skill level 5 in Axes
  2618 | D:3      | Slain by a gnoll

Vault maps used:
D:1:      minmay_arrival_glassed_features
D:2:      serial_forest, infiniplex_forest_straight_4, infiniplex_forest_end_3,
          infiniplex_forest_straight_2, infiniplex_forest_clump_long,
          infiniplex_forest_lined_corner, infiniplex_forest_lined_room_,
          infiniplex_forest_clump_cross, nicolae_dithmenos_shadow_blocks
D:3:      grunt_temple_overflow_order_and_chaos_2,
          grunt_temple_overflow_opulence, okawaru_altar_gauntlet_db,
          nicolae_overflow_crystal_walls, first_bread

Skill      XL: |  1  2  3  4 |
---------------+-------------+-----
Axes           | 3 4 5 |  5.2
Fighting       | |  3.0
Dodging        | |  2.6
Stealth        | |  1.7

Action                   |  1- 3 |  4- 6 || total
-------------------------+-------+-------++-------
Melee: Hand axe          |   133 |    91 ||   224
  Use: Potion            |     3 |     1 ||     4
 Stab: Sleeping          |     1 |     2 ||     3
  Eat: Chunk             |     2 |     4 ||     6
Armor: Robe              |    21 |     5 ||    26
       Skin              |     6 |       ||     6
Dodge: Dodged            |    97 |    71 ||   168
